Map: Site Delta LE

Players

sooohoooo

  • Race: Terran Terran
  • League: Master
  • Spawn Location: 11:00

BlizzJanitor (Jason) - Winner!

  • Race: Terran Terran
  • League: Grandmaster
  • Spawn Location: 5:00

VOD

https://www.youtube.com/watch?v=FlbCYcp5p7c

Description

JuggernautJason's Cyclone Raven

Time

  • Played on: Dec. 12, 2023, 1:23 p.m.
  • Length: 9:29
Show
View Real Time Build Order
Export as new Build Order

sooohoooo Terran 

Build Orders:  

Get SALT Encoding   

  12  0:00  SCV  
  13  0:12  SCV  
  14  0:17  Supply Depot  
  14  0:25  SCV  
  15  0:39  SCV  
  15  0:40  Barracks  
  16  0:45  Refinery  
  16  0:51  SCV  
  17  0:57  Refinery  
  17  1:03  SCV  
  18  1:15  SCV  
  19  1:27  Orbital Command, Reaper  
  20  1:44  Factory  
  20  1:50  Supply Depot  
  20  1:54  SCV  
  21  1:59  Barracks Reactor  
  21  2:06  SCV  
  22  2:18  SCV  
  23  2:22  Command Center  
  23  2:28  Hellion  
  25  2:35  Supply Depot, SCV  
  26  2:39  Reaper x2  
  27  2:47  SCV  
  27  2:49  Hellion  
  30  3:03  SCV  
  30  3:11  Hellion, Reaper x2  
  34  3:19  SCV  
  35  3:22  Starport  
  35  3:31  SCV  
  35  3:32  Cyclone  
  37  3:43  SCV  
  39  3:55  SCV  
  39  3:58  Orbital Command  
  39  4:02  Refinery  
  39  4:07  SCV  
  39  4:08  Starport Tech Lab, Factory Tech Lab  
  39  4:09  Marine x2  
  42  4:14  Supply Depot  
  40  4:19  SCV  
  41  4:27  SCV  
  44  4:31  Raven, Siege Tank  
  44  4:32  Marine x2, SCV  
  44  4:37  Supply Depot  
  50  4:39  SCV  
  50  4:40  Interference Matrix  
  50  4:44  SCV  
  52  4:50  Marine x2  
  52  4:51  SCV  
  55  4:56  SCV  
  55  4:59  Barracks, Supply Depot  
  56  5:02  Barracks  
  56  5:03  SCV  
  57  5:10  Marine x2  
  57  5:13  Raven  
  59  5:14  Siege Tank  
  59  5:17  SCV x2  
  59  5:18  Engineering Bay  
  64  5:25  Supply Depot  
  64  5:28  Marine  
  65  5:29  SCV  
  65  5:30  SCV  
  65  5:31  Marine  
  65  5:41  SCV  
  64  5:42  SCV  
  64  5:45  Marine  
  64  5:47  Siege Tank  
  68  5:50  Barracks Tech Lab  
  68  5:55  SCV  
  68  5:56  Supply Depot  
  70  5:57  Starport Reactor, SCV  
  70  6:00  Terran Infantry Weapons Level 1  
  70  6:07  SCV  
  70  6:09  SCV  
  72  6:13  Refinery  
  72  6:14  Stimpack  
  72  6:15  Supply Depot  
  72  6:19  Siege Tank, SCV  
  72  6:21  Marine x4  
  80  6:25  SCV  
  80  6:31  Supply Depot  
  81  6:35  Medivac  
  81  6:37  Medivac  
  81  6:38  SCV  
  81  6:39  Marine x4  
  90  6:46  Combat Shield  
  88  6:49  Supply Depot  
  88  6:56  Marine, Supply Depot  
  88  6:57  Siege Tank, Marine x2  
  88  6:58  Marine  
  95  7:10  Command Center  
  95  7:13  Medivac  
  95  7:14  Marine  
  95  7:15  Marine x2  
  99  7:16  Marine  
  100  7:30  Siege Tank  
  100  7:34  Missile Turret  
  100  7:36  Marauder x2, Marine, Missile Turret  
  108  7:38  Barracks  
  108  7:39  Supply Depot  
  108  7:40  Barracks  
  108  7:46  Medivac  
  108  7:47  Medivac  
  110  7:57  Marine x2  
  110  7:58  Marauder x2  
  114  8:08  SCV x2  
  116  8:12  Supply Depot  
  116  8:14  Marine  
  116  8:18  Marine  
  116  8:19  Marauder x2  
  122  8:26  Marine  
  118  8:32  Marine  
  90  8:46  Marine  
Show
View Real Time Build Order
Export as new Build Order

BlizzJanitor Terran - Winner!

Build Orders: Cyclone Opening, Mech 

Get SALT Encoding   

  12  0:00  SCV  
  13  0:12  SCV  
  14  0:17  Supply Depot  
  14  0:24  SCV  
  15  0:38  SCV  
  15  0:40  Barracks  
  16  0:46  Refinery  
  16  0:50  SCV  
  17  0:57  Refinery  
  17  1:02  SCV  
  18  1:15  SCV  
  19  1:28  Reaper  
  19  1:29  Orbital Command  
  20  1:39  Supply Depot  
  20  1:45  Factory  
  20  1:55  SCV  
  20  2:00  Reaper  
  22  2:07  SCV  
  23  2:19  SCV  
  24  2:23  Command Center  
  24  2:32  Cyclone  
  24  2:34  Barracks Reactor  
  24  2:35  SCV  
  27  2:49  SCV, Starport  
  28  2:52  Supply Depot  
  28  3:01  SCV  
  29  3:13  SCV  
  30  3:21  Cyclone  
  30  3:22  Refinery  
  30  3:23  Cyclone  
  30  3:25  SCV  
  35  3:27  Medivac  
  37  3:37  SCV  
  36  3:53  SCV  
  35  3:55  Orbital Command  
  35  3:57  Cyclone x2  
  35  4:02  Starport Tech Lab  
  39  4:05  SCV  
  40  4:18  SCV  
  40  4:21  Raven, SCV  
  44  4:25  Interference Matrix  
  44  4:30  SCV  
  45  4:33  SCV  
  45  4:35  Cyclone x2  
  50  4:42  SCV  
  50  4:43  Supply Depot  
  51  4:46  SCV  
  51  4:48  Supply Depot  
  52  4:54  SCV  
  52  4:56  Command Center  
  52  4:58  SCV  
  54  5:04  Supply Depot  
  54  5:05  Raven  
  56  5:08  SCV  
  56  5:11  Cyclone  
  56  5:12  Cyclone  
  62  5:14  SCV  
  62  5:21  SCV  
  63  5:22  Refinery  
  63  5:26  SCV  
  63  5:27  Supply Depot  
  64  5:33  SCV  
  65  5:41  Raven, SCV  
  68  5:44  Barracks Tech Lab  
  68  5:45  SCV  
  68  5:47  Cyclone  
  68  5:48  Factory  
  71  5:51  Supply Depot  
  71  5:52  Cyclone  
  71  5:53  SCV  
  74  5:57  SCV  
  74  6:00  Factory  
  75  6:05  SCV  
  75  6:06  Supply Depot  
  75  6:09  SCV  
  77  6:17  SCV  
  78  6:19  Raven  
  78  6:21  Cyclone, SCV  
  83  6:26  Supply Depot  
  83  6:33  SCV  
  83  6:37  Cyclone  
  86  6:48  SCV x2  
  88  6:54  Armory x2  
  88  7:00  Hurricane Engines, SCV x2  
  90  7:02  Refinery  
  90  7:03  Cyclone  
  90  7:07  Refinery, Engineering Bay  
  92  7:11  Supply Depot  
  92  7:12  Cyclone, SCV x2, Supply Depot  
  92  7:15  Orbital Command  
  96  7:22  Cyclone x2  
  100  7:24  SCV  
  100  7:25  SCV  
  102  7:33  Starport Reactor  
  102  7:36  SCV  
  103  7:37  SCV  
  103  7:40  Supply Depot  
  103  7:41  Sensor Tower  
  104  7:45  Siege Tank  
  104  7:49  SCV  
  104  7:50  SCV  
  109  7:57  Hellion x2  
  113  8:01  SCV  
  113  8:02  Siege Tank  
  117  8:07  Supply Depot  
  117  8:08  Supply Depot  
  117  8:12  Viking x2  
  121  8:27  Siege Tank  
  124  8:34  Siege Tank  
  106  8:49  Viking  
  106  8:54  Viking  
Tags
 
Composition
Mech
Matchup
TvT
Player
Jason
Race
Terran
Spawn Locations
Cross Positions
Add a new tag
Caveats
  • Supply blocks, unpowered buildings, or Contaminate may cause inaccurate times.
  • Supply counts are checked every 10 seconds.